 Dungeon Crawl Stone Soup version 0.29.1-4-g47bece8355 (webtiles) character file.

Game seed: 4805422519314718720

42 ChadusMaximus the Caller (level 3, -1/24 HPs)
             Began as a Human Summoner on Dec 6, 2022.
             Slain by Crazy Yiuf
             ... wielding a +4 quarterstaff of chaos
              (9 damage)
             ... on level 2 of the Dungeon.
             The game lasted 00:02:56 (2340 turns).

ChadusMaximus the Caller (Human Summoner)           Turns: 2340, Time: 00:02:57

Health: -1/24      AC:  3    Str:  8    XL:     3   Next: 77%
Magic:  1/6        EV: 12    Int: 17    God:
Gold:   126        SH:  0    Dex: 13    Spells: 5/6 levels left

rFire   + . .      SeeInvis .   g - +1 dagger (speed)
rCold   . . .      Faith    .   (no shield)
rNeg    . . .      Spirit   .   a - +0 robe
rPois   .          Reflect  .   (no helmet)
rElec   .          Harm     .   (no cloak)
rCorr   .          Rampage  .   (no gloves)
Will    .....                   k - +0 pair of boots
Stlth   ++........              (no amulet)
HPRegen 0.08/turn               e - ring of protection from fire
MPRegen 0.10/turn               (no ring)

@: no status effects
A: no striking features
a: no special abilities


You were on level 2 of the Dungeon.
You visited 1 branch of the dungeon, and saw 2 of its levels.

You collected 126 gold pieces.

Inventory:

Hand Weapons
 d - a +0 club
 g - a +1 dagger of speed (weapon)
Armour
 a - a +0 robe (worn)
 k - a +0 pair of boots (worn)
Jewellery
 e - a ring of protection from fire (left hand)
Scrolls
 f - a scroll of teleportation {unknown}
 h - 2 scrolls of identify {unknown}
 j - a scroll of immolation {unknown}
Potions
 b - a potion of magic
 c - a potion of curing {unknown}
 i - a potion of brilliance {unknown}
 l - 2 potions of heal wounds {unknown}


   Skills:
 - Level 2.3 Dodging
 - Level 2.3 Stealth
 + Level 2.4 Spellcasting
 * Level 4.5 Summonings


You had 5 spell levels left.
You knew the following spells:

 Your Spells              Type           Power      Damage    Failure   Level
a - Summon Small Mammal   Summ           68%        N/A       2%          1

Your spell library contained the following spells:

 Spells                   Type           Power      Damage    Failure   Level
 Call Imp                 Summ           17%        N/A       4%          2
 Call Canine Familiar     Summ           17%        N/A       9%          3
 Summon Guardian Golem    Hex/Summ       9%         N/A       22%         3
 Summon Lightning Spire   Summ/Air       9%         N/A       58%         4


Dungeon Overview and Level Annotations

Branches:
Dungeon (2/15)

Altars:

Shops:
D:2 (

Annotations:
D:2 Crazy Yiuf


Message History

Your bat dies!
Your bat's corpse disappears in a puff of smoke!
Casting: Summon Small Mammal (safe; 2% risk of failure)
Confirm with . or Enter, or press ? or * to list all spells.
Crazy Yiuf hits your rat with a +4 quarterstaff of chaos!
Lightning courses through your rat!
Your rat dies!
Your rat's corpse disappears in a puff of smoke!
Casting: Summon Small Mammal (safe; 2% risk of failure)
Confirm with . or Enter, or press ? or * to list all spells.
You don't know that spell.
Casting: Summon Small Mammal (safe; 2% risk of failure)
Confirm with . or Enter, or press ? or * to list all spells.
Crazy Yiuf misses your quokka.
Casting: Summon Small Mammal (safe; 2% risk of failure)
Confirm with . or Enter, or press ? or * to list all spells.
Crazy Yiuf hits your quokka with a +4 quarterstaff of chaos!
Your quokka dies!
Your quokka's corpse disappears in a puff of smoke!
You swap places.
Your quokka completely misses Crazy Yiuf.
Your quokka bites Crazy Yiuf.
Crazy Yiuf hits your quokka with a +4 quarterstaff of chaos!
Your quokka dies!
Your quokka's corpse disappears in a puff of smoke!
Unknown command.
Crazy Yiuf closely misses you.
You hit Crazy Yiuf but do no damage. You punch Crazy Yiuf, but do no damage.
Crazy Yiuf is moderately wounded.
You hit Crazy Yiuf but do no damage.
Crazy Yiuf is moderately wounded.
Crazy Yiuf hits you with a +4 quarterstaff of chaos!
Ouch! That really hurt!
Crazy Yiuf freezes you.
* * * LOW HITPOINT WARNING * * *
Unknown command.
Casting: Summon Small Mammal (safe; 2% risk of failure)
Confirm with . or Enter, or press ? or * to list all spells.
Crazy Yiuf hits you with a +4 quarterstaff of chaos!
You die...

#.#
#...[............#####...#.##
#.#
#.....#.#.###..##............
#.# #.......#.#
#................ #.#
#.....###.# ##.##............
#.# #.........#
#.#######...#.## ..#
########### ### #...#... >##
#...#### .# ######## #...#
.###### ### ###@#....## #...#
......#
#...##rg#.P....####.#####
.###### #...'.####P.....# #.#
#.. .# #)..### ##P....###.#
#.# ## ### #####.....###.#
#........... #.....####.#
#### #.....# #.#
#..####...#####.♣


You could see Crazy Yiuf (ally target) and a friendly rat (summoned).

Vanquished Creatures
  A dart slug (D:2)
  A ball python (D:2)
  2 goblins
  2 hobgoblins (D:2)
  2 kobolds
  3 quokkas (D:2)
  2 bats (D:1)
  A frilled lizard (D:1)
  A rat (D:2)
15 creatures vanquished.

Vanquished Creatures (collateral kills)
  2 endoplasms (D:2)
  6 hobgoblins
  2 ball pythons (D:1)
  A bat (D:1)
  4 goblins (D:1)
  3 kobolds
  A rat (D:1)
19 creatures vanquished.

Grand Total: 34 creatures vanquished

Notes
Turn   | Place    | Note
-------+----------+-------------------------------------------
     0 | D:1      | ChadusMaximus the Human Summoner began the quest for the
                  | Orb.
     0 | D:1      | Reached XP level 1. HP: 13/13 MP: 3/3
   565 | D:1      | Reached XP level 2. HP: 16/19 MP: 0/5
  1044 | D:1      | Reached XP level 3. HP: 24/24 MP: 6/6
  1962 | D:2      | Found Jaiz's Weapon Shoppe.
  2013 | D:2      | Found a runed translucent door.
  2014 | D:2      | Noticed Crazy Yiuf
  2340 | D:2      | Slain by Crazy Yiuf

Illustrated notes

Levels and vault maps discovered:
D:1:      saegor_arrival_simple_a, layout_basic
D:2:      layout_loops_cross, serial_shops, nicolae_shop_trees,
          grunt_ministairs_15, minmay_misc_feat_alley, minmay_circle_x,
          uniq_crazy_yiuf_cottage

Action                   || total
-------------------------++-------
Melee: Unarmed           ||     7
       Dagger            ||    55
       Club              ||     3
       Punch             ||     2
 Cast: Summon Small Mamm ||    44
 Stab: Sleeping          ||     2
Armor: Robe              ||     8
Dodge: Dodged            ||    53
